 Dungeon Crawl Stone Soup version 0.27-a0-1548-gf8a67e7463 (webtiles) character file.

Game seed: 12840213904041986580

1935 robertstho the Cleaver (level 8, -4/109 HPs)
             Began as a Minotaur Berserker on July 13, 2021.
             Was a Priest of Trog.
             Slain by a two-headed ogre (5 damage)
             ... on level 5 of the Dungeon.
             The game lasted 00:08:49 (7107 turns).

robertstho the Cleaver (Minotaur Berserker)         Turns: 7107, Time: 00:08:51

Health: -4/109     AC: 14    Str: 22    XL:     8   Next: 97%
Magic:  0/7        EV:  5    Int:  5    God:    Trog [***...]
Gold:   373        SH:  9    Dex: 11    Spells: 7/7 levels left

rFire    . . .     SeeInvis .   g - +1 hand axe (flame)
rCold    . . .     Faith    .   t - +2 kite shield
rNeg     . . .     Spirit   +   p - +0 plate armour
rPois    .         Reflect  .   (helmet restricted)
rElec    .         Harm     .   s - +0 cloak
rCorr    .         Rampage  .   (no gloves)
Will     .....                  (no boots)
Stlth    ..........             d - amulet of guardian spirit
HPRegen  0.28/turn              (no ring)
MPRegen  0.10/turn              (no ring)

@: berserking (expiring), very quick
A: horns 2, retaliatory headbutt
a: Renounce Religion, Berserk, Trog's Hand


You were on level 5 of the Dungeon.
You worshipped Trog.
Trog was most pleased with you.
You visited 1 branch of the dungeon, and saw 5 of its levels.

You collected 373 gold pieces.

Inventory:

Hand Weapons
 a - a +0 hand axe
 g - a +1 hand axe of flaming (weapon)
 l - a +0 war axe
Armour
 p - a +0 plate armour (worn)
 s - a +0 cloak (worn)
 t - a +2 kite shield (worn)
Jewellery
 d - an amulet of guardian spirit (around neck)
Wands
 q - a wand of iceblast (9)
Scrolls
 f - 4 scrolls of teleportation {unknown}
 h - 2 scrolls of enchant armour {unknown}
 i - a scroll of summoning
 j - 3 scrolls of fog
 k - a scroll of holy word
 r - a scroll of amnesia {unknown}
 v - 3 scrolls of magic mapping {unknown}
Potions
 b - 2 potions of attraction
 c - a potion of lignification {unknown}
 e - 2 potions of flight {unknown}
 m - a potion of heal wounds {unknown}
 n - a potion of mutation
 o - a potion of haste {unknown}
 u - a potion of curing


   Skills:
 + Level 7.1 Fighting
 + Level 9.9 Axes
 + Level 7.9 Armour
 + Level 3.7 Dodging
 + Level 1.1 Stealth


You had 7 spell levels left.
You didn't know any spells.
Your spell library was empty.

Dungeon Overview and Level Annotations

Branches:
Dungeon (5/15)             Temple (0/1) D:4

Altars:
Sif Muna

Shops:
D:5 (

Annotations:
D:5 2 runed translucent doors


Innate Abilities, Weirdness & Mutations

You have a pair of horns on your head.
You reflexively headbutt those who attack you in melee.


Message History

The orc warrior is moderately wounded.
You hit the two-headed ogre. You burn the two-headed ogre.
You closely miss the orc warrior. You headbutt the orc warrior.
The orc warrior is moderately wounded.
You hit the two-headed ogre. You burn the two-headed ogre.
You block the orc warrior's attack.
The two-headed ogre hits you but does no damage.
The two-headed ogre hits you with a +0 giant club!
You hit the orc warrior. You burn the orc warrior.
The orc warrior is heavily wounded.
You hit the two-headed ogre. You burn the two-headed ogre.
The orc warrior hits you with a +0 glaive!
You slash the orc warrior! You burn the orc warrior.
You kill the orc warrior!
Trog accepts your kill.
You closely miss the two-headed ogre. You block the two-headed ogre's attack.
The two-headed ogre hits you but does no damage.
Your Fighting skill increases to level 7!
You hit the two-headed ogre. You burn the two-headed ogre.
You headbutt the two-headed ogre.
The two-headed ogre is severely wounded.
The centaur hits you but does no damage.
The centaur kicks you but does no damage.
You hit the centaur. You burn the centaur. You headbutt the centaur!
The centaur is severely wounded.
You hit the two-headed ogre. You burn the two-headed ogre.
The two-headed ogre hits you with a +0 giant club!!
* * * LOW HITPOINT WARNING * * *
The two-headed ogre hits you with a +0 giant club!
* * * LOW HITPOINT WARNING * * *
The centaur hits you.
* * * LOW HITPOINT WARNING * * *
The centaur kicks you but does no damage.
You slash the two-headed ogre! You burn the two-headed ogre.
The two-headed ogre is almost dead.
You hit the centaur. You burn the centaur.
The centaur hits you but does no damage.
The centaur kicks you but does no damage.
The two-headed ogre hits you with a +0 giant club.
You die...

.#...#.##.#.# #.# ##.###...
...#........#######.#####.#.#....
#....#.#......<..........###.....
.......#...########.#####.#.#....
#...#####........##......[.###...
#...# #..######..........## #...
#..#####.##8)=8##...#####.# #.##
#........#8....8#.#.# #.#####.≈
#..#####.+.....O@...## #...##≈≈≈
#).#####.+.....c'....# #.#.#≈≈≈≈
#..#.....#8....8#.#..# #.##.≈≈≈≈
#..#[##..##8})8##....# #.##≈##≈≈
#..)<.....######.†...## #.#≈≈#≈≈≈
#..)).###'# #'###..###..#≈≈≈.#
#....##.#.######...##.......≈≈...
#..#.#.#.##)##:##.#.#.###..≈≈≈[..
#..#.#.###..##.#.##.#.# ##.≈≈≈≈≈≈


You could see a two-headed ogre and a centaur.

Vanquished Creatures
  A yak (D:5)
  Menkaure (D:4)
  A water moccasin (D:5)
  A black bear (D:5)
  A sky beast (D:4)
  A necrophage (D:5)
  A hornet zombie (D:4)
  2 ogres (D:4)
  An orc warrior (D:5)
  A centaur (D:5)
  A phantom (D:4)
  A gnoll sergeant (D:5)
  2 scorpions
  5 hounds
  A centaur skeleton (D:3)
  3 orc priests
  A gnoll shaman (D:5)
  2 iguanas (D:5)
  3 orc wizards (D:5)
  A howler monkey skeleton (D:5)
  6 adders
  2 white imps
  2 worms
  12 dart slugs
  12 orcs
  11 ball pythons
  6 bats
  3 endoplasms
  5 giant cockroaches
  7 goblins
  7 hobgoblins
  2 jackals (D:3)
  3 quokkas
  2 frilled lizards
  7 kobolds
  5 rats
123 creatures vanquished.

Notes
Turn   | Place    | Note
-------+----------+-------------------------------------------
     0 | D:1      | robertstho the Minotaur Berserker began the quest for the
                  | Orb.
     0 | D:1      | Reached XP level 1. HP: 19/19 MP: 0/0
   396 | D:1      | Reached skill level 4 in Axes
   397 | D:1      | Reached XP level 2. HP: 22/27 MP: 1/1
  1177 | D:1      | Found a faded altar of an unknown god.
  1290 | D:1      | Reached XP level 3. HP: 32/34 MP: 2/2
  1694 | D:2      | Reached ** piety under Trog
  2520 | D:3      | Reached XP level 4. HP: 31/41 MP: 3/3
  2529 | D:3      | Reached skill level 5 in Axes
  2737 | D:3      | Reached XP level 5. HP: 46/47 MP: 4/4
  3231 | D:4      | Noticed a phantom
  3236 | D:4      | Killed a phantom
  3301 | D:4      | Reached skill level 6 in Axes
  3529 | D:4      | Noticed Menkaure
  3535 | D:4      | Killed Menkaure
  3536 | D:4      | Reached skill level 5 in Fighting
  3536 | D:4      | Reached XP level 6. HP: 49/56 MP: 5/5
  3717 | D:4      | Reached skill level 1 in Stealth
  3763 | D:4      | Reached *** piety under Trog
  3764 | D:4      | Reached skill level 7 in Axes
  4045 | D:4      | Found a staircase to the Ecumenical Temple.
  4206 | D:4      | Reached XP level 7. HP: 58/61 MP: 4/6
  4357 | D:5      | Entered Level 5 of the Dungeon
  4453 | D:5      | Found a large runed translucent door.
  4468 | D:5      | Found a large runed translucent door.
  4531 | D:5      | Reached skill level 5 in Armour
  4661 | D:5      | Found a large runed translucent door.
  4661 | D:5      | Found a large runed translucent door.
  4662 | D:5      | Noticed a two-headed ogre
  4695 | D:4      | HP: 2/61 [something (3)]
  4982 | D:5      | Reached skill level 8 in Axes
  5009 | D:4      | Reached XP level 8. HP: 43/70 MP: 1/7
  5580 | D:5      | Reached skill level 9 in Axes
  6069 | D:5      | Found a shimmering blue altar of Sif Muna.
  6661 | D:5      | Reached **** piety under Trog
  6744 | D:5      | Found Xiq Oteiri's Antique Weapon Emporium.
  7106 | D:5      | HP: 1/109 [centaur (5)]
  7107 | D:5      | Slain by a two-headed ogre

Illustrated notes

Levels and vault maps discovered:
D:1:      minmay_arrival_up_and_down, layout_basic,
          hellmonk_ecumenical_altar_lost_god
D:2:      layout_loops_ring
D:3:      layout_loops_ring
D:4:      layout_gridville, temple_green, uniq_menkaure
D:5:      kennysheep_slugbush, layout_loops_ring, tgw_sif, serial_shops,
          nicolae_shop_crystal, kennysheep_cross_bottleneck,
          minmay_hollow_rounded_squares

Skill      XL: |  1  2  3  4  5  6  7  8 |
---------------+-------------------------+-----
Axes           | 4 5 6 7 8 9 |  9.9
Fighting       | 4 5 7 |  7.1
Dodging        | 3 |  3.7
Armour         | 3 4 6 7 |  7.9
Stealth        | 1 |  1.1

Action                   |  1- 3 |  4- 6 |  7- 9 || total
-------------------------+-------+-------+-------++-------
Melee: Hand axe          |   104 |     6 |    83 ||   193
       Headbutt          |    15 |    12 |    34 ||    61
       War axe           |       |    76 |    62 ||   138
Invok: Berserk           |     3 |     2 |     5 ||    10
       Trog's Hand       |       |       |     1 ||     1
  Use: Scroll            |       |     4 |       ||     4
       Potion            |       |       |     4 ||     4
Armor: Animal skin       |    16 |     1 |       ||    17
       Chain mail        |       |    28 |       ||    28
       Plate armour      |       |     8 |   100 ||   108
Dodge: Dodged            |    65 |    36 |    52 ||   153
Block: Kite shield       |       |       |     6 ||     6

Table legend: (Time is in decaauts)
 A = Elapsed time spent in this place.
 B = Non-inter-level travel time spent in this place.
 C = Inter-level travel time spent in this place.
 D = Time resting spent in this place.
 E = Time spent auto-exploring this place.
 F = Levels seen in this place.
 G = Mean time per level.
                   A        B        C        D        E       F      G
               +--------+--------+--------+--------+--------+-----+--------+
         Total |   7232 |   6982 |    250 |   1443 |   4651 |   5 | 1446.4 |
       Dungeon |   7232 |   6982 |    250 |   1443 |   4651 |   5 | 1446.4 |
               +--------+--------+--------+--------+--------+-----+--------+

Top non-repeatable levels by time:
     D:5: 2120 daAuts
     D:4: 1781 daAuts
     D:1: 1487 daAuts
     D:2: 1108 daAuts
     D:3: 735 daAuts
